AoeStats
← Bonea

African Clearing

504019563Analyzed
4v4 RM · 28d ago on Sep 3, 2026· 19m 11s· 8 players
Game mode
Random Map
Map size
Large (8 player)
Population
200
Speed
Normal
Resources
Standard
Victory
Conquest
Starting age
Dark Age
Ending age
Imperial Age
RankedLock teamsTeams togetherTeam positionsShared explorationLock speedFull tech treeHidden civsTurbo modeCheats
Victory
Defeat
🇻🇳 Magyars · Vietnam
1338
+16
🇻🇳 Huns · Vietnam
1328
+16
🇨🇳 Koreans · China
1323
+17
🇨🇳 Aztecs · China
1322
+17
🇧🇭 Vikings · Bahrain
1383
-20
🇹🇼 Mongols · Taiwan
1358
-17
🇺🇸 Jurchens · United States
1303
-15
🇹🇼 Slavs · Taiwan
1294
-14
Melodies of Life
5:25 Loom
13:12 Feudal Age
20:50 Castle Age
psrycc
3:29 Loom
14:47 Feudal Age
20:02 Castle Age
Lucky_Bois_VN
3:31 Loom
13:01 Feudal Age
14:00 Double-Bit Axe
19:28 Castle Age
18:15 Gold Mining
Bonea
7:49 Loom
13:55 Feudal Age
14:18 Man-at-Arms
21:25 Castle Age
1165498765132
13:27 Feudal Age
17:33 Castle Age
15:25 Double-Bit Axe
15:41 Horse Collar
The Man The Myth The Legend
5:23 Loom
6:32 Loom
14:33 Feudal Age
16:49 Bloodlines
17:00 Horse Collar
7mood2369
2:51 Loom
12:47 Feudal Age
17:08 Castle Age
15:21 Double-Bit Axe
genehung9
5:23 Loom
14:31 Feudal Age
16:22 Horse Collar
18:43 Castle Age
18:30 Town Watch
19:20 Wheelbarrow
18:36 Town Watch
18:37 Double-Bit Axe
Connection lost

Rejoining the realm…

Still unreachable

The connection could not be restored.

Session expired

The server has moved on; the page needs a fresh start.